 Dungeon Crawl Stone Soup version 0.29.1-1-gd02db6906a (webtiles) character file.

Game seed: 8354899053850096185

4822 FastidiousMonk the Fighter (level 10, -16/86 HPs)
             Began as a Barachi Berserker on Oct 5, 2022.
             Was an Elder of Trog.
             Hit by a large rock thrown by a cyclops (18 damage)
             ... on level 8 of the Dungeon.
             The game lasted 00:54:51 (8453 turns).

FastidiousMonk the Fighter (Barachi Berserker)      Turns: 8453, Time: 00:54:52

Health: -16/86     AC: 12    Str: 23    XL:     10   Next: 48%
Magic:  10/10      EV: 11    Int:  7    God:    Trog [****..]
Gold:   446        SH:  0    Dex: 14    Spells: 9/9 levels left

rFire   + . .      SeeInvis .   v - +8 trident of the Snake Pit {vorpal, rF+ rC+ rCorr Dex+2}
rCold   + . .      Faith    .   (no shield)
rNeg    . . .      Spirit   .   i - +0 ring mail
rPois   .          Reflect  .   (no helmet)
rElec   .          Harm     .   J - +0 cloak
rCorr   +          Rampage  .   l - +0 pair of gloves
Will    +....                   e - +1 pair of boots {Fly}
Stlth   +.........              (no amulet)
HPRegen 0.24/turn               b - +4 ring of slaying
MPRegen 0.12/turn               a - ring of willpower

@: unable to hop, on berserk cooldown, flying, slowed, very slow
A: amphibious, slowness 1, strong legs 1, +LOS
a: Hop, Renounce Religion, Berserk, Trog's Hand, Brothers in Arms


You were on level 8 of the Dungeon.
You worshipped Trog.
Trog was greatly pleased with you.
You visited 2 branches of the dungeon, and saw 9 of its levels.

You collected 446 gold pieces.

Inventory:

Hand Weapons
 t - a +0 war axe of electrocution
 v - the +8 trident of the Snake Pit (weapon) {vorpal, rF+ rC+ rCorr Dex+2}
   (You found it on level 4 of the Dungeon)

   It inflicts extra damage upon your enemies.
   Dex:       It affects your dexterity (+2).
   rF:        It protects you from fire.
   rC:        It protects you from cold.
   rCorr:     It protects you from acid and corrosion.
 E - a +4 mace
Missiles
 k - 64 stones
 m - 9 javelins (quivered)
 p - 23 poisoned darts
 D - 2 boomerangs
 F - a throwing net
Armour
 e - a +1 pair of boots of flying (worn)
 i - a +0 ring mail (worn)
 l - a +0 pair of gloves (worn)
 q - a +2 buckler
 J - a +0 cloak (worn)
Jewellery
 a - a ring of willpower (right hand)
 b - a +4 ring of slaying (left hand)
 C - a ring of magical power
Wands
 w - a wand of digging (2)
 x - a wand of iceblast (16)
 y - a wand of polymorph (17)
 A - a wand of charming (22)
 I - a wand of flame (51)
Scrolls
 d - 4 scrolls of identify
 j - 2 scrolls of fear
 n - 3 scrolls of teleportation {unknown}
 o - a scroll of blinking {unknown}
 s - 2 scrolls of torment {unknown}
 G - a scroll of noise {unknown}
 H - a scroll of enchant weapon {unknown}
Potions
 c - 3 potions of lignification
 f - 2 potions of berserk rage
 g - 5 potions of curing
 h - 2 potions of magic
 r - a potion of heal wounds {unknown}
 u - a potion of resistance {unknown}
 z - 2 potions of cancellation
 B - a potion of might {unknown}


   Skills:
 + Level 10.7 Fighting
 - Level 3.2(7.9) Axes
 + Level 10.3(10.5) Polearms
 - Level 9.0 Armour
 - Level 2.1 Dodging


You had 9 spell levels left.
You didn't know any spells.
Your spell library contained the following spells:

 Spells                   Type           Power      Damage    Failure   Level
 Sandblast                Erth           0%         2d4       56%         1
 Passwall                 Tmut/Erth      0%         N/A       71%         2
 Conjure Flame            Conj/Fire      0%         6-21      90%         3
 Ignite Poison            Fire/Tmut/Pois 0%         N/A       90%         3
 Stone Arrow              Conj/Erth      0%         3d7       90%         3
 Sticky Flame             Conj/Fire      0%         2d3       100%        4


Dungeon Overview and Level Annotations

Branches:
Dungeon (8/15)             Temple (1/1) D:7
   Lair: D:8-11

Altars:
Ashenzari
Cheibriados
Dithmenos
Fedhas
Gozag
Hepliaklqana
Kikubaaqudgha
Makhleb
Okawaru
Ru
Trog
Vehumet
Yredelemnul
Zin
The Shining One

Shops:
D:2 (   D:5 =

Annotations:
D:1 Altars-UnknownGod, D:2 Shop(darts), D:3 Altars-Gozag, D:4 RunedDoor,Altars-Makhleb,Fedhas,, bakla's ghost, amateur DrVM
D:5 Shop(GoodRings/Amulets),Altars-Okawaru,, 2 transporters
D:6 Altars-Ashenzari,Cheibriados, D:7 EcumenicalTemple,Altars-Vehumet,


Innate Abilities, Weirdness & Mutations

You are amphibious.
You cover ground slowly.
You can hop short distances.
You have an extended range of vision and can be seen from far away.


Message History

You are too injured to fight recklessly!
You are too injured to fight recklessly!
You are too injured to fight recklessly!
You impale the troll!!
You feel the power of Trog in you as your rage grows.
You kill the troll!
Trog accepts your kill.
There is an open door, spattered with blood here.
You feel a strong urge to attack something.
You slam the door shut with a bang!
You hear a shout! x2
You start resting.
You feel your anger nearly subside.
You start resting.
You are no longer berserk.
You are exhausted.
You feel yourself slow down.
A cyclops opens the door.
Found a staff of conjuration.
A cyclops is nearby!
A cyclops is nearby!
A cyclops is nearby!
You reach down and open the door.
The cyclops throws a large rock.
The large rock closely misses you.
The cyclops throws a large rock.
The large rock completely misses you.
There is an open door, spattered with blood here.
You reach down and close the door.
A cyclops opens the door.
Something unseen opens the door.
The cyclops attacks as you move away! The cyclops misses you.
The cyclops throws a large rock.
The large rock hits you!
The cyclops throws a large rock.
The large rock barely misses you.
The cyclops throws a large rock.
The large rock hits you but does no damage.
The cyclops throws a large rock.
The large rock hits you!!
The cyclops throws a large rock.
The large rock hits you!!
* * * LOW HITPOINT WARNING * * *
Found 4 large rocks.
Hop to where?
Press: ? - help, Dir - move target Boing!
The cyclops throws a large rock.
The large rock hits you!!
You die...

#..#............
#..#..#...#...#
#..#............
#'###.#...#...#.
#..##...........
#.....##############
#..................#
#..............(...#
##...........@......+
#....C..○...........#
#.################.##
#.#...# #.'...+
###...# ##'## ..#
..#.


You could see a cyclops.

Vanquished Creatures
  Pikel (D:4)
  Joseph (D:7)
  Maurice (D:8)
  A troll (D:8)
  Grinder (D:4)
  Eustachio (D:5)
  5 yaks (D:8)
  Menkaure (D:4)
  2 water moccasins (D:7)
  An ice beast (D:7)
  3 black bears
  A centaur (D:8)
  An ogre (D:6)
  A kobold brigand (D:7)
  3 phantoms
  A necrophage (D:4)
  A bullfrog (D:8)
  A gnoll sergeant (D:6)
  3 scorpions
  4 wights (D:6)
  A gnoll bouda (D:6)
  3 hounds
  2 jellies
  2 orc priests
  3 iguanas
  Ijyb (D:4)
  3 orc wizards (D:7)
  6 adders
  11 gnolls
  A shadow imp (D:5)
  3 white imps
  2 ufetubi
  A worm (D:2)
  A dart slug (D:4)
  19 orcs
  10 ball pythons
  8 bats
  6 endoplasms
  10 goblins
  8 hobgoblins
  7 jackals
  4 quokkas
  2 frilled lizards (D:2)
  14 kobolds
  13 rats
175 creatures vanquished.

Vanquished Creatures (others)
  A fungus (D:1)
  7 plants
8 creatures vanquished.

Grand Total: 183 creatures vanquished

Notes
Turn   | Place    | Note
-------+----------+-------------------------------------------
     0 | D:1      | FastidiousMonk the Barachi Berserker began the quest for
                  | the Orb.
     0 | D:1      | Reached XP level 1. HP: 18/18 MP: 1/1
   323 | D:1      | Found a faded altar of an unknown god.
   337 | D:1      | Reached XP level 2. HP: 23/25 MP: 2/2
   737 | D:1      | Reached XP level 3. HP: 25/32 MP: 3/3
   848 | D:1      | Reached skill level 5 in Fighting
  1017 | D:2      | Reached ** piety under Trog
  1141 | D:2      | Reached XP level 4. HP: 18/40 MP: 4/4
  1606 | D:2      | Found Roel's Weapon Shoppe.
  2262 | D:3      | Reached XP level 5. HP: 40/47 MP: 5/5
  2618 | D:3      | Found an opulent altar of Gozag.
  2780 | D:4      | Noticed a black bear
  2787 | D:4      | Killed a black bear
  2788 | D:4      | Reached XP level 6. HP: 56/56 MP: 6/6
  2966 | D:4      | Identified the +8 trident of the Snake Pit {vorpal, rF+ rC+
                  | rCorr Dex+2}
  3029 | D:4      | Found a runed translucent door.
  3031 | D:4      | Noticed bakla's ghost (amateur DrVM)
  3059 | D:4      | Noticed Pikel
  3067 | D:4      | Killed Pikel
  3068 | D:4      | Reached skill level 10 in Fighting
  3068 | D:4      | Reached XP level 7. HP: 67/67 MP: 7/7
  3309 | D:4      | Noticed Menkaure
  3323 | D:4      | Killed Menkaure
  3324 | D:4      | Reached skill level 1 in Polearms
  3324 | D:4      | Reached XP level 8. HP: 70/73 MP: 8/8
  3532 | D:4      | Noticed Grinder
  3542 | D:4      | Killed Grinder
  3727 | D:4      | Found a burning altar of Makhleb.
  3729 | D:4      | Found a blossoming altar of Fedhas.
  3948 | D:4      | Noticed Ijyb
  3960 | D:4      | Killed Ijyb
  4116 | D:5      | Entered Level 5 of the Dungeon
  4275 | D:5      | Found an iron altar of Okawaru.
  4324 | D:5      | Reached *** piety under Trog
  4347 | D:5      | Found Decs's Jewellery Shop.
  4347 | D:5      | Noticed Eustachio
  4366 | D:5      | Killed Eustachio
  4367 | D:5      | Reached skill level 5 in Polearms
  4367 | D:5      | Reached skill level 5 in Armour
  4479 | D:5      | Found a transporter.
  4481 | D:5      | Found a transporter.
  5057 | D:5      | Reached XP level 9. HP: 79/79 MP: 9/9
  5462 | D:6      | Found a broken altar of Ashenzari.
  5653 | D:6      | Found a snail-covered altar of Cheibriados.
  6880 | D:7      | Found a staircase to the Ecumenical Temple.
  6890 | Temple   | Entered the Ecumenical Temple
  7214 | D:7      | Found a radiant altar of Vehumet.
  7470 | D:7      | Noticed Joseph
  7489 | D:7      | Killed Joseph
  7490 | D:7      | Reached XP level 10. HP: 86/86 MP: 10/10
  7600 | D:7      | Reached **** piety under Trog
  7853 | D:8      | Noticed Maurice
  7862 | D:8      | Killed Maurice
  7863 | D:8      | Reached skill level 10 in Polearms
  8439 | D:8      | Noticed a cyclops
  8443 | D:8      | Noticed a centaur warrior
  8450 | D:8      | HP: 1/86 [cyclops/large rock (30)]
  8453 | D:8      | Hit by a large rock thrown by a cyclops

Illustrated notes

Levels and vault maps discovered:
D:1:      wheals_arrival_shading, layout_rooms,
          shapermc_ecumenical_altar_ellora, minmay_crystal_water, minmay_vboxes
D:2:      layout_basic, serial_shops, nicolae_shop_crystal, minmay_tripent
D:3:      layout_rooms, mainiacjoe_overflow_boulevard, serial_bayou_pond_c,
          grunt_decor_junction
D:4:      kennysheep_goblin_castle, layout_cave_pools, nicolae_overflow_squiral,
          ebering_ghost_reflecting_pool, minmay_misc_feat_x,
          grunt_decor_mini_mirrors, uniq_grinder, uniq_pikel, uniq_menkaure
D:5:      gammafunk_steamed_eel, layout_loops_corners,
          mainiacjoe_overflow_six_doors_small, serial_shops, shop,
          uniq_eustachio
D:6:      layout_loops_ring, mainiacjoe_overflow_chevrons, cheibriados_altar_1
D:7:      layout_loops_corners, nicolae_vehumet_altar_sigil, temple_statues,
          uniq_joseph
D:8:      layout_gridville, lemuel_coloured_pillars_altar, minmay_evil_grid,
          uniq_maurice
Temple:   hellmonk_temple_two_chambers

Skill      XL: |  1  2  3  4  5  6  7  8  9 10 |
---------------+-------------------------------+-----
Fighting       | 4 5 6 8 10 | 10.7
Polearms       | 1 5 8 10 | 10.3
Armour         | 3 5 7 9 |  9.0
Axes           | |  3.2
Dodging        | |  2.1

Action                   |  1- 3 |  4- 6 |  7- 9 | 10-12 || total
-------------------------+-------+-------+-------+-------++-------
Melee: Hand axe          |    92 |     3 |       |       ||    95
       Punch             |     1 |       |     1 |       ||     2
       Halberd           |       |    74 |       |       ||    74
       War axe           |       |     7 |       |       ||     7
       Trident           |       |    11 |   166 |    45 ||   222
Invok: Berserk           |     3 |     3 |     7 |     3 ||    16
       Trog's Hand       |       |       |     3 |       ||     3
 Abil: Hop               |       |       |     3 |     1 ||     4
  Use: Scroll            |     1 |     1 |     4 |     2 ||     8
Armor: Animal skin       |    20 |       |       |       ||    20
       Ring mail         |     6 |    35 |    43 |    11 ||    95
Dodge: Dodged            |    64 |    69 |    55 |    16 ||   204
